 Dungeon Crawl Stone Soup version 0.28.0-53-g5a82cb258f (webtiles) character file.

Game seed: 3532008160295425454

188 dranuc9 the Conjurer (level 5, -2/28 HPs)
             Began as a Deep Elf Conjurer on June 29, 2022.
             Was an Initiate of Vehumet.
             Slain by a water moccasin skeleton (6 damage)
             ... on level 3 of the Dungeon.
             The game lasted 00:23:01 (3110 turns).

dranuc9 the Conjurer (Deep Elf Conjurer)            Turns: 3110, Time: 00:23:02

Health: -2/28      AC:  2    Str:  4    XL:     5   Next: 39%
Magic:  10/13      EV: 12    Int: 25    God:    Vehumet [......]
Gold:   118        SH:  0    Dex: 13    Spells: 9/12 levels left

rFire   . . .      SeeInvis .   (no weapon)
rCold   . . .      Faith    .   (no shield)
rNeg    . . .      Spirit   .   a - +0 robe
rPois   .          Reflect  .   (no helmet)
rElec   .          Harm     .   (no cloak)
rCorr   .          Rampage  .   (no gloves)
Will    .....                   (no boots)
Stlth   ++........              (no amulet)
HPRegen 0.09/turn               (no ring)
MPRegen 0.13/turn               (no ring)

@: lethally poisoned (-2 -> -7)
A: no striking features
a: Renounce Religion


You were on level 3 of the Dungeon.
You worshipped Vehumet.
Vehumet was noncommittal.
You visited 1 branch of the dungeon, and saw 3 of its levels.

You collected 118 gold pieces.

Inventory:

Missiles
 d - 8 arrows
 k - 3 poisoned darts
Armour
 a - a +0 robe (worn)
Magical Staves
 i - a staff of death
Wands
 l - a wand of polymorph (4)
 m - a wand of flame (20)
Scrolls
 c - a scroll of amnesia {unknown}
Potions
 b - a potion of ambrosia {unknown}
 e - a potion of might {unknown}
 f - a potion of mutation {unknown}
 g - a potion of heal wounds {unknown}
 h - a potion of degeneration {unknown}
 j - a potion of haste {unknown}


   Skills:
 * Level 0.3 Staves
 * Level 2.9 Dodging
 + Level 3.2 Stealth
 * Level 4.1 Spellcasting
 * Level 6.2 Conjurations
 * Level 0.7 Hexes
 * Level 0.4 Necromancy
 * Level 0.4 Fire Magic
 * Level 0.8 Evocations


You had 9 spell levels left.
You knew the following spells:

 Your Spells              Type           Power      Damage    Failure   Level
a - Magic Dart            Conj           100%       1d8       1%          1
b - Searing Ray           Conj           72%        2d7       1%          2

Your spell library contained the following spells:

 Spells                   Type           Power      Damage    Failure   Level
 Dazzling Flash           Conj/Hex       44%        N/A       6%          3
 Freeze                   Ice            20%        1d4       9%          1
 Fulminant Prism          Conj/Hex       11%        3d9       22%         4
 Iskenderun's Mystic Bla  Conj/Tloc      20%        2d6       26%         4
 Summon Mana Viper        Hex/Summ       7%         N/A       91%         5
 Starburst                Conj/Fire      10%        6d5       98%         6
 Summon Cactus Giant      Summ           2%         N/A       100%        6
 Malign Gateway           Summ/Tloc      2%         N/A       100%        7


Dungeon Overview and Level Annotations

Branches:
Dungeon (3/15)

Altars:
Makhleb
Vehumet

Annotations:
D:3 1 transporter, Rsteiner's ghost, amateur NaVM


Message History

Restarting spell: Searing Ray (safe; 1% risk of failure)
Press: ? - help, Shift-Dir - straight line, p - water moccasin skeleton The searing ray misses the water moccasin skeleton.
The searing ray hits Rsteiner's ghost!
Rsteiner's ghost is moderately damaged. (Press . to maintain the ray.)
You feel sick.
You are more poisoned.
Aiming: Polymorph
Press: ? - help, Q - select action, (/) - cycle Shift-Dir - straight line, f - Rsteiner's ghost
Aim: Rsteiner's ghost (moderately damaged, radiating toxic energy, not susceptible) Rsteiner's ghost is unaffected.
You feel sick.
You are more poisoned.
You feel very sick.
You are lethally poisoned!
Rsteiner's ghost's toxic aura wanes.
You feel very sick.
* * * LOW HITPOINT WARNING * * *
You feel very sick.
The water moccasin skeleton closely misses you.
* * * LOW HITPOINT WARNING * * *
You feel sick.
Really attack while wielding nothing? [Y]es or [N]o only, please.
Really attack while wielding nothing? [Y]es or [N]o only, please.
Really attack while wielding nothing? [Y]es or [N]o only, please.
Really attack while wielding nothing? [Y]es or [N]o only, please.
Really attack while wielding nothing? [Y]es or [N]o only, please.
Really attack while wielding nothing? [Y]es or [N]o only, please.
Really attack while wielding nothing?
Okay, then.
* * * LOW HITPOINT WARNING * * *
You feel sick. The water moccasin skeleton bites you.
You die...

.......#.........####...###......
...#.............######.......#..
...#.........##......##....#....#
...#..........#......##....#.#...
...#..................#....#...#.
...#.........©........#....#.#...
...##..#############.......#....#
.####..#..........©#..........#..
.####..#........@..#........#....
.##....#..##...##Z.#..#######...#
.......#..#8...8#W.#.............
..#....#..##..Z##Z.#..#<........#
..###..#.....©.....#........#####
.......#..##...##..#.............
.......#..#8...8#..#.............
.......#..##...##..#...##........
.......#...........#...##......##


You could see Rsteiner's ghost and 2 water moccasin skeletons.

Vanquished Creatures
  3 iron imps (D:3)
  Robin (D:2)
  3 adders
  4 worms
  A dart slug (D:3)
  An orc (D:3)
  4 ball pythons
  3 endoplasms
  3 giant cockroaches (D:2)
  16 goblins
  5 hobgoblins
  2 frilled lizards (D:2)
  5 kobolds
  2 rats
53 creatures vanquished.

Vanquished Creatures (others)
  49 plants (D:2)
49 creatures vanquished.

Grand Total: 102 creatures vanquished

Notes
Turn   | Place    | Note
-------+----------+-------------------------------------------
     0 | D:1      | dranuc9 the Deep Elf Conjurer began the quest for the Orb.
     0 | D:1      | Reached XP level 1. HP: 10/10 MP: 6/6
   758 | D:2      | Got Sif Muna's Incunabulum of Supportive Ice
   791 | D:2      | Noticed Robin
   808 | D:2      | Reached XP level 2. HP: 15/15 MP: 6/8
   883 | D:1      | Learned a level 2 spell: Searing Ray
   892 | D:2      | Killed Robin
   893 | D:2      | Reached skill level 5 in Conjurations
  1010 | D:2      | Reached XP level 3. HP: 19/19 MP: 5/9
  1483 | D:2      | Reached XP level 4. HP: 24/24 MP: 9/11
  2118 | D:3      | Found a faded altar of an unknown god.
  2284 | D:3      | Found a radiant altar of Vehumet.
  2294 | D:3      | Became a worshipper of Vehumet
  2314 | D:3      | Found a transporter.
  2332 | D:3      | Found a transporter.
  2332 | D:3      | Noticed Rsteiner's ghost (amateur NaVM)
  2564 | D:3      | Found a burning altar of Makhleb.
  2577 | D:3      | Reached skill level 6 in Conjurations
  2578 | D:3      | Reached XP level 5. HP: 28/28 MP: 2/12
  3110 | D:3      | Slain by a water moccasin skeleton

Illustrated notes

Levels and vault maps discovered:
D:1:      dpeg_arrival_short_road, layout_basic, minmay_misc_feat_nine_boxes,
          minivault_24
D:2:      layout_basic, serial_bayou, serial_bayou_pond_b, serial_bayou_ford_a,
          serial_bayou_lake_a, serial_bayou_pond_c, uniq_robin
D:3:      layout_basic, demons_altar, nicolae_vehumet_radiance,
          hellmonk_ecumenical_altar_run_dry, gammafunk_ghost_mausoleum

Skill      XL: |  1  2  3  4  5 |
---------------+----------------+-----
Conjurations   | 5 6 |  6.2
Stealth        | 3 |  3.2
Spellcasting   | 4 |  4.1
Staves         | |  0.3
Dodging        | |  2.9
Hexes          | |  0.7
Necromancy     | |  0.4
Fire Magic     | |  0.4
Evocations     | |  0.8

Action                   |  1- 3 |  4- 6 || total
-------------------------+-------+-------++-------
Melee: Unarmed           |     1 |       ||     1
 Cast: Magic Dart        |    50 |    41 ||    91
       Searing Ray       |     7 |     8 ||    15
Evoke: Wand              |       |     1 ||     1
Armor: Robe              |     1 |       ||     1
Dodge: Dodged            |     5 |     3 ||     8
